 Dungeon Crawl Stone Soup version 0.23.1-37-gaa34b87 (webtiles) character file.

Game seed: 15276282477331372961

20084 misha the Severer (level 12, -10/115 HPs)
             Began as a Minotaur Fighter on Mar 23, 2019.
             Was a High Priest of Trog.
             Mangled by a harpy (14 damage)
             ... summoned by Kirke
             ... on level 13 of the Dungeon.
             The game lasted 00:32:14 (12614 turns).

misha the Severer (Minotaur Fighter)               Turns: 12614, Time: 00:32:44

Health: -10/115    AC:  0    Str: 27    XL:     12   Next: 42%
Magic:  11/11      EV: 13    Int:  5    God:    Trog [*****.]
Gold:   757        SH:  0    Dex:  9    Spells: 11/11 levels left

rFire    . . .     SeeInvis .   (weapon currently unavailable)
rCold    . . .     Gourm    .   (shield currently unavailable)
rNeg     . . .     Faith    .   (armour currently unavailable)
rPois    .         Spirit   .   (helmet currently unavailable)
rElec    .         Reflect  .   (cloak currently unavailable)
rCorr    .         Harm     .   (gloves currently unavailable)
MR       .....                  (boots currently unavailable)
Stlth    +.........             (no amulet)
HPRegen  0.29/turn              (ring currently unavailable)
MPRegen  0.12/turn              (ring currently unavailable)

@: about to teleport, pig-form, slowed
A: small, (retaliatory headbutt)
a: Berserk, Trog's Hand, Brothers in Arms, Renounce Religion


You were on level 13 of the Dungeon.
You worshipped Trog.
Trog was extremely pleased with you.
You were not hungry.
You were a filthy swine.
You visited 1 branch of the dungeon, and saw 13 of its levels.

You collected 757 gold pieces.

Inventory:

Hand Weapons
 y - a +5 broad axe of venom (melded)
Missiles
 Q - 2 throwing nets (quivered)
Armour
 c - a +0 shield (melded)
 z - a +2 pair of boots (melded)
 I - the +6 ring mail "Uprack" (melded) {rF+ Str+4 Dex+2}
   (You found it on level 7 of the Dungeon)

   It affects your strength (+4).
   It affects your dexterity (+2).
   It protects you from fire.
 M - the +3 scale mail of Negligence {+Blink rElec}
   (You found it on level 8 of the Dungeon)

   It insulates you from electricity.
   It lets you blink.
 O - a +1 hat (melded)
 R - a +0 pair of gloves (melded)
 U - a +1 plate armour of fire resistance
Jewellery
 i - an uncursed ring of stealth
 q - an uncursed ring of fire
 s - a ring of poison resistance (melded)
 u - an uncursed ring of see invisible
 D - an uncursed amulet of guardian spirit {unknown}
 G - a +4 ring of dexterity (melded)
 J - an uncursed ring of ice
 S - an uncursed amulet of magic regeneration {unknown}
Wands
 e - a wand of random effects (40)
 x - a wand of clouds (10)
 C - a wand of digging (4)
 F - a wand of paralysis (8)
 K - a wand of disintegration (6)
 N - a wand of polymorph (1)
Scrolls
 g - 7 scrolls of enchant armour
 j - 5 scrolls of amnesia
 k - a scroll of immolation {unknown}
 l - 4 scrolls of remove curse
 n - 4 scrolls of magic mapping
 p - 2 scrolls of teleportation
 t - 2 scrolls of fog
 T - a scroll of fear {unknown}
Potions
 d - 2 potions of might
 h - 2 potions of flight
 o - 3 potions of degeneration
 r - 4 potions of curing
 v - a potion of brilliance
 w - a potion of ambrosia {unknown}
 A - a potion of agility
 B - 2 potions of haste
 E - a potion of cancellation {unknown}
 H - 4 potions of resistance
 L - a potion of berserk rage {unknown}
Miscellaneous
 b - a lightning rod (4/4)
 P - a phantom mirror
Comestibles
 f - 19 rations


   Skills:
 + Level 13.0 Fighting
 - Level 16.0 Axes
 - Level 3.9 Armour
 + Level 13.0 Shields


You had 11 spell levels left.
You didn't know any spells.
Your spell library was empty.

Dungeon Overview and Level Annotations

Branches:
Dungeon (13/15)            Temple (0/1) D:5            Lair (0/6) D:10
    Orc (0/2) D:9
 Vaults: D:13-14

Altars:
Ashenzari
Elyvilon
Hepliaklqana
Kikubaaqudgha
Makhleb
Qazlal
Ru
Trog
Wu Jian
Zin

Shops:
D:7 :   D:9 [   D:13 :

Annotations:
D:13 Kirke


Innate Abilities, Weirdness & Mutations

((You reflexively headbutt those who attack you in melee.))
((You have a pair of horns on your head.))


Message History

Nothing appears to happen.
You feel much better. The harpy claws you. The harpy barely misses you.
The harpy claws you. The harpy claws you!
Kirke casts a spell.
Kirke flickers and vanishes!
Deactivating autopickup; reactivate with Ctrl-A.
As you read the scroll of teleportation, it crumbles to dust.
You feel strangely unstable. The harpy claws you!
* * * LOW HITPOINT WARNING * * *
The harpy completely misses you. x2; The harpy claws you!
* * * LOW HITPOINT WARNING * * *
The harpy misses you. x2
You feel much better.
The harpy screeches!
The harpy barely misses you. The harpy claws you!
* * * LOW HITPOINT WARNING * * *
The harpy claws you!
* * * LOW HITPOINT WARNING * * *
The harpy barely misses you. x2; The harpy claws you!
You die...

#.#.#......'.....#
#.#.#......#######
##.#########.#.#..#####
.......D.....#.#..#
##.....###...#.#..#
#>.... #...#....#
#...... #...###.##
#...... #...# #.#
#...### #...# #h# #...
##### #H# ##+
#{#######.# #hH.h5.hh.#
###########


You could see 2 harpies and a hog.

Vanquished Creatures
  Nessos (D:12)
  Erolcha (D:13)
  A hydra (D:13)
  2 two-headed ogres
  Erica (D:9)
  An unseen horror (D:12)
  4 ugly things
  A cyclops (D:12)
  Maurice (D:9)
  A gargoyle (D:9)
  Psyche (D:8)
  A komodo dragon (D:10)
  2 trolls
  2 hippogriffs
  Sigmund (D:3)
  A shadow (D:12)
  A wraith (D:13)
  19 yaks
  4 hungry ghosts
  2 vampire mosquitoes (D:13)
  A warg (D:9)
  An acid dragon (D:13)
  An eye of draining (D:12)
  A hornet zombie (D:8)
  3 sky beasts
  A black bear (D:11)
  A necrophage (D:11)
  5 orc warriors
  5 ice beasts
  8 ogres
  6 phantoms
  8 centaurs
  A big kobold (D:12)
  2 bullfrogs (D:9)
  A wyvern skeleton (D:12)
  2 scorpions
  4 killer bees (D:7)
  13 wights
  5 crimson imps
  3 centaur zombies
  4 bullfrog zombies
  A quasit (D:9)
  11 hounds
  A jelly (D:11)
  9 orc priests
  12 orc wizards
  2 bullfrog skeletons
  3 centaur skeletons
  4 iguanas
  Ijyb (D:4)
  10 worker ants
  A hound skeleton (D:5)
  A worker ant zombie (D:5)
  11 adders
  14 gnolls
  2 shadow imps
  An ooze (D:3)
  An adder zombie (D:6)
  2 adder skeletons (D:4)
  6 leopard geckos
  45 orcs
  4 ball pythons (D:3)
  3 giant cockroaches
  14 goblins
  8 hobgoblins
  12 jackals
  9 quokkas
  4 bats
  5 frilled lizards
  A jackal skeleton (D:4)
  10 kobolds
  A quokka zombie (D:9)
  11 rats
  A plant (D:10)
345 creatures vanquished.

Vanquished Creatures (others)
  A plant (D:10)
1 creature vanquished.

Grand Total: 346 creatures vanquished

Notes
Turn   | Place    | Note
-------+----------+-------------------------------------------
     0 | D:1      | misha the Minotaur Fighter began the quest for the Orb.
     0 | D:1      | Reached XP level 1. HP: 19/19 MP: 0/0
    91 | D:1      | Reached XP level 2. HP: 25/27 MP: 1/1
   345 | D:1      | Reached skill level 3 in Axes
   423 | D:1      | Reached XP level 3. HP: 33/33 MP: 2/2
   896 | D:2      | You fall through a shaft!
  1005 | D:3      | Found a bloodstained altar of Trog.
  1029 | D:3      | Became a worshipper of Trog the Wrathful
  1052 | D:3      | Reached XP level 4. HP: 41/41 MP: 3/3
  1409 | D:3      | Found a white marble altar of Elyvilon.
  1689 | D:3      | You fall through a shaft for 3 floors!
  1720 | D:6      | Reached skill level 4 in Axes
  1891 | D:6      | Reached XP level 5. HP: 24/47 MP: 4/4
  1894 | D:6      | Reached skill level 5 in Fighting
  1894 | D:6      | Reached skill level 5 in Shields
  1897 | D:6      | Reached * piety under Trog
  1897 | D:6      | Reached skill level 5 in Axes
  1914 | D:6      | Reached XP level 6. HP: 15/56 MP: 5/5
  2217 | D:6      | Reached skill level 6 in Axes
  2244 | D:6      | Reached XP level 7. HP: 59/62 MP: 6/6
  2316 | D:6      | Found a burning altar of Makhleb.
  2334 | D:5      | Entered Level 5 of the Dungeon
  2348 | D:5      | Reached skill level 7 in Axes
  2404 | D:5      | Found a staircase to the Ecumenical Temple.
  2830 | D:4      | Reached skill level 8 in Axes
  2830 | D:4      | Reached XP level 8. HP: 37/71 MP: 7/7
  3013 | D:4      | Reached ** piety under Trog
  3419 | D:4      | Noticed Ijyb
  3431 | D:4      | Killed Ijyb
  3702 | D:3      | Noticed Sigmund
  3703 | D:3      | Found an ancient bone altar of Kikubaaqudgha.
  3705 | D:3      | Killed Sigmund
  3856 | D:4      | Reached skill level 9 in Axes
  4351 | D:5      | Found a glowing silver altar of Zin.
  4351 | D:5      | Noticed an angel
  4388 | D:5      | Reached *** piety under Trog
  5133 | D:7      | Found a shattered altar of Ashenzari.
  5143 | D:7      | Reached skill level 10 in Axes
  5143 | D:7      | Reached XP level 9. HP: 65/81 MP: 8/8
  5347 | D:7      | Found Biad's Book Emporium.
  5631 | D:7      | Got a spiked ring mail
  5726 | D:7      | Found a hazy altar of Hepliaklqana.
  6364 | D:8      | Noticed Psyche
  6375 | D:8      | Reached skill level 11 in Axes
  6379 | D:8      | Killed Psyche
  6714 | D:8      | Got an ancient scale mail
  7114 | D:9      | Noticed a troll
  7127 | D:9      | Killed a troll
  7127 | D:9      | Reached skill level 12 in Axes
  7129 | D:9      | Reached XP level 10. HP: 73/91 MP: 9/9
  7138 | D:9      | Reached **** piety under Trog
  7144 | D:9      | Noticed Maurice
  7269 | D:9      | Found a staircase to the Orcish Mines.
  7355 | D:9      | Killed Maurice
  7424 | D:9      | Found a stormy altar of Qazlal.
  7445 | D:9      | Paralysed by fainting for 8 turns
  7487 | D:9      | Found a sacrificial altar of Ru.
  7764 | D:9      | Reached skill level 10 in Shields
  7767 | D:9      | Found an ornate altar of the Wu Jian Council.
  7934 | D:9      | Found Ziokhloips's Antique Armour Shoppe.
  7937 | D:9      | Identified the +6 ring mail "Uprack" {rF+ Str+4 Dex+2} (You
                  | found it on level 7 of the Dungeon)
  7938 | D:9      | Identified the +3 scale mail of Negligence {+Blink rElec}
                  | (You found it on level 8 of the Dungeon)
  7945 | D:9      | Reached skill level 10 in Fighting
  7978 | D:9      | Noticed Erica
  8000 | D:9      | Killed Erica
  8000 | D:9      | Reached skill level 13 in Axes
  8394 | D:10     | Entered Level 10 of the Dungeon
  8394 | D:10     | Noticed a gargoyle
  8408 | D:9      | Killed a gargoyle
  8484 | D:10     | Found a staircase to the Lair.
  9179 | D:11     | Noticed a two-headed ogre
  9185 | D:11     | Killed a two-headed ogre
  9185 | D:11     | Reached skill level 14 in Axes
  9185 | D:11     | Reached XP level 11. HP: 78/100 MP: 10/10
  9372 | D:11     | Reached ***** piety under Trog
  9580 | D:11     | Noticed a brown ugly thing
  9601 | D:11     | Killed a brown ugly thing
 10162 | D:12     | Noticed Nessos
 10181 | D:12     | Killed Nessos
 10523 | D:12     | Noticed a white ugly thing
 10540 | D:12     | Killed a white ugly thing
 10906 | D:12     | Noticed a two-headed ogre
 10912 | D:12     | Reached skill level 15 in Axes
 10923 | D:12     | Killed a two-headed ogre
 11328 | D:12     | Killed an unseen horror
 11405 | D:12     | Noticed a green ugly thing
 11415 | D:12     | Killed a green ugly thing
 11415 | D:12     | Reached XP level 12. HP: 68/112 MP: 11/11
 12051 | D:12     | Received a gift from Trog
 12055 | D:13     | Reached skill level 16 in Axes
 12111 | D:13     | Noticed Erolcha
 12127 | D:13     | Killed Erolcha
 12166 | D:13     | Noticed a four-headed hydra
 12250 | D:13     | Killed a seven-headed hydra
 12379 | D:13     | Found Toodghal's Book Boutique.
 12594 | D:13     | Noticed Kirke
 12614 | D:13     | HP: 4/115 [harpy[Kirke] (9)]
 12614 | D:13     | Mangled by a harpy

Skill      XL: |  1  2  3  4  5  6  7  8  9 10 11 12 |
---------------+-------------------------------------+-----
Shields        | 4 5 6 7 9 10 12 13 | 13.0
Fighting       | 4 5 6 7 9 10 12 13 | 13.0
Axes           | 3 4 5 6 8 10 12 14 15 16 | 16.0
Armour         | |  3.9

Action                   |  1- 3 |  4- 6 |  7- 9 | 10-12 || total
-------------------------+-------+-------+-------+-------++-------
Melee: War axe           |   123 |   111 |   404 |   524 ||  1162
       Headbutt          |    14 |    26 |    72 |   156 ||   268
       Broad axe         |       |       |       |     7 ||     7
       Unarmed           |       |       |       |     4 ||     4
Invok: Berserk           |       |     1 |     3 |     5 ||     9
Evoke: Wand              |       |       |       |     1 ||     1
  Use: Scroll            |       |     5 |     6 |     5 ||    16
       Potion            |       |     1 |       |     7 ||     8
  Eat: Chunk             |       |     3 |    11 |    14 ||    28
       Ration            |       |     1 |     2 |     6 ||     9
Armor: Scale mail        |    33 |       |       |       ||    33
       Chain mail        |    28 |    47 |   153 |    41 ||   269
       Ring mail         |       |       |       |   120 ||   120
Dodge: Dodged            |    33 |    26 |    90 |   117 ||   266
Block: Shield            |    66 |    50 |   199 |   257 ||   572
